cohdb
Replays
Latest Replays
All Replays
Popular Replays
Top Player Replays
Match Explorer
How It Works
Community
CoH3 Stats
Reddit
Sign in to upload your games and track your stats! →
Sign in with Steam
Match 35984947
Unlisted
Match 35984947
Overview
Messages
Build Orders
End
Kettenkrad Recon Vehicle
Construct Infanterie Kompanie
Grenadier Squad
Grenadier Squad
Grenadier Squad
Infanterie Officer Quarters
Sniper
Construct Panzergrenadier Kompanie
Pak 40 Anti-tank Gun Team
Selects Mechanized Battlegroup
Selects Spotting Scopes
Panzergrenadier Squad
Construct Panzer Kompanie
Selects Wespe Self-propelled Artillery
Stoßtruppen Squad
Panzer IV Medium Tank
Selects Raid Package
Wespe Self-propelled Artillery
Selects StuG Assault Group
Selects UNKNOWN (2160084)
Tobis
sh94
Yaas
冲锋大哥
petslore
Mr.Earl
Firm Hands
Green Rain
0
0
Comments
sign in to comment!
No comments posted yet!